[Event "55th Rubinstein Memorial-C 2019"]
[Site "Polanica-Zdroj"]
[Date "2019.08.20"]
[Round "4.24"]
[White "Borowski, Przemyslaw"]
[Black "Rosa, Antoni"]
[Result "1-0"]
[ECO "D31"]
[WhiteElo "1805"]
[BlackElo "1528"]
[Annotator "NA"]
[PlyCount "77"]
[EventDate "2019.08.17"]
[EventType "swiss"]
[EventCountry "POL"]
[SourceTitle "playchess.com"]
[Source "ChessBase"]
[SourceQuality "1"]
[TimeControl "40/5400+30:1800+30"]

1. d4 d5 2. c4 e6 3. Nc3 Bb4 4. Bf4 Nf6 5. e3 O-O 6. Nf3 Nbd7 7. a3 Bxc3+ 8. bxc3 c5 9. Qc2 cxd4 10. exd4 dxc4 11. Bxc4 Nb6 12. Bd3 Nbd5 13. Bd2 Nf4 14. Bxf4 Bd7 15. Ne5 Rc8 16. O-O Bc6 17. Nxc6 Rxc6 18. Rfc1 h6 19. Rab1 Nd5 20. Bd2 b6 21. Bb5 Rc7 22. c4 Ne7 23. Bf4 Rb7 24. Qe4 Qa8 25. Bd6 Rd8 26. Bxe7 Rxe7 27. Qxa8 Rxa8 28. c5 bxc5 29. dxc5 Rc7 30. c6 Rb8 31. Ba4 Rbc8 32. g3 Kf8 33. Kg2 Ke7 34. Rd1 a5 35. Rd7+ Rxd7 36. cxd7 Ra8 37. Rc1 Kd8 38. Kf3 f6 39. Rc6 1-0

[Event "55th Rubinstein Memorial-C 2019"]
[Site "Polanica-Zdroj"]
[Date "2019.08.20"]
[Round "4.25"]
[White "Ciechonski, Piotr"]
[Black "Klama, Andrzej"]
[Result "1-0"]
[ECO "C00"]
[WhiteElo "1767"]
[BlackElo "1525"]
[Annotator "NA"]
[PlyCount "89"]
[EventDate "2019.08.17"]
[EventType "swiss"]
[EventCountry "POL"]
[SourceTitle "playchess.com"]
[Source "ChessBase"]
[SourceQuality "1"]
[TimeControl "40/5400+30:1800+30"]

1. e4 e6 2. Qe2 Nc6 3. Nf3 e5 4. c3 Nf6 5. d4 d6 6. d5 Ne7 7. c4 c5 8. Nc3 Ng6 9. g3 Be7 10. Bg2 a6 11. a4 O-O 12. O-O h6 13. Bd2 Nh7 14. Ra3 f5 15. exf5 Bxf5 16. h3 Nf6 17. g4 Bd7 18. Qd3 Qe8 19. Re1 Qf7 20. g5 Nh5 21. Ne4 Nhf4 22. Qf1 h5 23. a5 Qf5 24. b4 Nxg2 25. Qxg2 Nf4 26. Bxf4 cxb4 27. Nh4 Qxf4 28. Ng6 Qf7 29. Nxf8 Rxf8 30. Rb3 Bf5 31. h4 Qg6 32. Rxb4 Bd8 33. Ra4 Rf7 34. c5 dxc5 35. Nxc5 Qd6 36. Ne4 Qd7 37. Ra3 g6 38. Rd1 Kg7 39. d6 Qc6 40. Ng3 e4 41. Nxf5+ Rxf5 42. Qg3 Rxa5 43. Rxa5 Bxa5 44. Qe5+ Kg8 45. Qxa5 1-0

[Event "55th Rubinstein Memorial-C 2019"]
[Site "Polanica-Zdroj"]
[Date "2019.08.20"]
[Round "4.26"]
[White "Kaminski, Mateusz"]
[Black "Gromada, Andrzej"]
[Result "1/2-1/2"]
[ECO "C05"]
[WhiteElo "1544"]
[BlackElo "1721"]
[Annotator "NA"]
[PlyCount "129"]
[EventDate "2019.08.17"]
[EventType "swiss"]
[EventCountry "POL"]
[SourceTitle "playchess.com"]
[Source "ChessBase"]
[SourceQuality "1"]
[TimeControl "40/5400+30:1800+30"]

1. e4 e6 2. d4 d5 3. Nd2 Nf6 4. e5 Nfd7 5. f4 c5 6. Ndf3 Nc6 7. c3 cxd4 8. cxd4 Qb6 9. a3 Be7 10. Ne2 O-O 11. Nc3 f6 12. b4 fxe5 13. fxe5 Rxf3 14. Qxf3 Nxd4 15. Qf2 Nxe5 16. Na4 Bxb4+ 17. axb4 Qxb4+ 18. Bd2 Nc2+ 19. Kd1 Qb3 20. Nc5 Qb2 21. Rc1 Na3 22. Qg3 Nb1 23. Bc3 Nxc3+ 24. Qxc3 Qxc3 25. Rxc3 b6 26. Na6 Ng4 27. Kc2 d4 28. Ra3 Bb7 29. Kd2 Rf8 30. Nc7 Ne3 31. Ke2 a5 32. Rxe3 dxe3 33. Kxe3 Rf6 34. Rg1 Kf8 35. Bc4 Ke7 36. Nxe6 b5 37. Ba2 Rxe6+ 38. Bxe6 Kxe6 39. Kd4 Kd6 40. g3 Bd5 41. Re1 a4 42. Re8 Bc4 43. Ra8 Ke6 44. Rf8 a3 45. Kc3 Ke5 46. h4 Ke4 47. g4 h6 48. g5 hxg5 49. hxg5 a2 50. Kb2 Ke5 51. Rf2 b4 52. Rf3 b3 53. Rf8 g6 54. Rf6 Bd3 55. Rf8 Bf5 56. Ra8 Kf4 57. Kxb3 Be6+ 58. Kc2 Kxg5 59. Kd2 Kf4 60. Ra4+ Kf3 61. Kc1 g5 62. Kb2 Bd5 63. Rb4 Be4 64. Rb5 g4 65. Rg5 1/2-1/2

[Event "55th Rubinstein Memorial-C 2019"]
[Site "Polanica-Zdroj"]
[Date "2019.08.20"]
[Round "4.27"]
[White "Szydelko, Kazimierz"]
[Black "Szlosarczyk, Hubert"]
[Result "1-0"]
[ECO "D31"]
[WhiteElo "1717"]
[BlackElo "1519"]
[Annotator "NA"]
[PlyCount "89"]
[EventDate "2019.08.17"]
[EventType "swiss"]
[EventCountry "POL"]
[SourceTitle "playchess.com"]
[Source "ChessBase"]
[SourceQuality "1"]
[TimeControl "40/5400+30:1800+30"]

1. d4 d5 2. c4 e6 3. Nf3 c6 4. Nc3 dxc4 5. e3 b5 6. a4 Bb4 7. Bd2 Bxc3 8. Bxc3 Bb7 9. b3 Qd5 10. bxc4 bxc4 11. Qc2 f5 12. Bb4 Ba6 13. Rc1 Nd7 14. Bxc4 Bxc4 15. Qxc4 Rb8 16. O-O Qxc4 17. Rxc4 Kf7 18. Bd6 Rb6 19. Rfc1 Ne7 20. Bxe7 Kxe7 21. Rxc6 Rxc6 22. Rxc6 Rb8 23. g3 Rb7 24. Kg2 h6 25. h4 Nb6 26. a5 Nd5 27. Ne5 Nb4 28. a6 Rb5 29. Rc7+ Kd8 30. Rxa7 Kc8 31. Rxg7 Nxa6 32. Rg6 Nc7 33. Rxh6 Rb2 34. Rh8+ Kb7 35. h5 Nd5 36. Kf3 Nf6 37. Nd3 Rd2 38. Nc5+ Kc6 39. Nxe6 Ne4 40. Kf4 Rxf2+ 41. Ke5 Nxg3 42. d5+ Kd7 43. Rh7+ Ke8 44. d6 Rd2 45. Re7# 1-0

[Event "55th Rubinstein Memorial-C 2019"]
[Site "Polanica-Zdroj"]
[Date "2019.08.20"]
[Round "4.28"]
[White "Wojtas, Julia"]
[Black "Burdzicki, Jan"]
[Result "0-1"]
[ECO "C12"]
[WhiteElo "1522"]
[BlackElo "1716"]
[Annotator "NA"]
[PlyCount "76"]
[EventDate "2019.08.17"]
[EventType "swiss"]
[EventCountry "POL"]
[SourceTitle "playchess.com"]
[Source "ChessBase"]
[SourceQuality "1"]
[TimeControl "40/5400+30:1800+30"]

1. e4 e6 2. d4 d5 3. Nc3 Nf6 4. Bg5 Bb4 5. e5 h6 6. Bd2 Bxc3 7. bxc3 Ne4 8. Bd3 Nxd2 9. Qxd2 c5 10. Nh3 Qa5 11. Nf4 Nc6 12. Nh5 Kf8 13. O-O cxd4 14. Qf4 dxc3 15. Qg3 g6 16. Nf6 Qc7 17. f4 b5 18. h4 h5 19. Qg5 Nb8 20. Rf3 Bd7 21. Kh2 Bc6 22. Rb1 a6 23. Rg3 Qe7 24. f5 exf5 25. Bxf5 Qxe5 26. Rf1 Kg7 27. Bd3 Qxg5 28. Rxg5 d4 29. Be4 Bxe4 30. Nxe4 Rd8 31. Nc5 Nc6 32. a3 b4 33. Nd3 a5 34. Rb1 bxa3 35. Ra1 Nb4 36. Nxb4 axb4 37. Rb5 Ra4 38. Kg3 d3 0-1

[Event "55th Rubinstein Memorial-C 2019"]
[Site "Polanica-Zdroj"]
[Date "2019.08.20"]
[Round "4.29"]
[White "Wolska, Marta"]
[Black "Milczarek, Robert"]
[Result "1-0"]
[ECO "E71"]
[WhiteElo "1516"]
[BlackElo "1698"]
[Annotator "NA"]
[PlyCount "51"]
[EventDate "2019.08.17"]
[EventType "swiss"]
[EventCountry "POL"]
[SourceTitle "playchess.com"]
[Source "ChessBase"]
[SourceQuality "1"]
[TimeControl "40/5400+30:1800+30"]

1. d4 Nf6 2. c4 g6 3. Nc3 Bg7 4. e4 d6 5. h3 O-O 6. Nf3 Na6 7. Be3 e5 8. d5 Nc5 9. Nd2 a5 10. g4 c6 11. Be2 cxd5 12. cxd5 b5 13. g5 Nh5 14. Bxc5 dxc5 15. Bxh5 gxh5 16. Qxh5 b4 17. Ne2 f5 18. Rg1 f4 19. Nf3 Bd7 20. g6 h6 21. Nxe5 Be8 22. h4 Bxe5 23. Qxe5 Qxh4 24. Qe6+ Kg7 25. Qe5+ Qf6 26. Qc7+ 1-0

[Event "55th Rubinstein Memorial-C 2019"]
[Site "Polanica-Zdroj"]
[Date "2019.08.20"]
[Round "4.30"]
[White "Juszczak, Milosz"]
[Black "Grzelak, Piotr"]
[Result "0-1"]
[ECO "D35"]
[WhiteElo "1516"]
[BlackElo "1673"]
[Annotator "NA"]
[PlyCount "78"]
[EventDate "2019.08.17"]
[EventType "swiss"]
[EventCountry "POL"]
[SourceTitle "playchess.com"]
[Source "ChessBase"]
[SourceQuality "1"]
[TimeControl "40/5400+30:1800+30"]

1. d4 e6 2. c4 Nf6 3. Nc3 d5 4. Bf4 Bd6 5. Bxd6 Qxd6 6. e3 O-O 7. Nf3 b6 8. Nb5 Qe7 9. Qb3 Bb7 10. Rc1 Nc6 11. c5 Rfc8 12. Bd3 Ne4 13. Bxe4 dxe4 14. Nd2 Kh8 15. O-O f5 16. Rc3 Na5 17. Qb4 Bd5 18. Rfc1 a6 19. Na3 Nc6 20. Qa4 b5 21. Qd1 b4 22. R3c2 bxa3 23. bxa3 Rcb8 24. Rb1 Rxb1 25. Qxb1 Rb8 26. Rb2 Qd8 27. Nf1 Rxb2 28. Qxb2 Qb8 29. Qc2 Kg8 30. g4 fxg4 31. Ng3 Qf8 32. Qe2 e5 33. Qxg4 exd4 34. Qd7 Qd8 35. Qxd8+ Nxd8 36. exd4 Nc6 37. Ne2 Bc4 38. Nc3 Nxd4 39. Nxe4 Ne2+ 0-1

[Event "55th Rubinstein Memorial-C 2019"]
[Site "Polanica-Zdroj"]
[Date "2019.08.20"]
[Round "4.31"]
[White "Jakubiak, Karol"]
[Black "Grzadka, Artur"]
[Result "1-0"]
[ECO "B50"]
[WhiteElo "1665"]
[BlackElo "1512"]
[Annotator "NA"]
[PlyCount "55"]
[EventDate "2019.08.17"]
[EventType "swiss"]
[EventCountry "POL"]
[SourceTitle "playchess.com"]
[Source "ChessBase"]
[SourceQuality "1"]
[TimeControl "40/5400+30:1800+30"]

1. e4 c5 2. Nf3 d6 3. Nc3 a6 4. d4 cxd4 5. Nxd4 e5 6. Be2 Nf6 7. Nb3 Be7 8. Be3 Be6 9. O-O O-O 10. f4 Qc7 11. f5 Bc4 12. Bxc4 Qxc4 13. Qf3 Nbd7 14. g4 Rac8 15. g5 Ne8 16. Na5 Qc7 17. Nd5 Qxa5 18. Nxe7+ Kh8 19. Nxc8 Qd8 20. Na7 Qc7 21. Qe2 Nb8 22. Rf3 b6 23. Rh3 Qxa7 24. Qh5 h6 25. f6 Qb7 26. fxg7+ Nxg7 27. Qxh6+ Kg8 28. Qh7# 1-0

[Event "55th Rubinstein Memorial-C 2019"]
[Site "Polanica-Zdroj"]
[Date "2019.08.20"]
[Round "4.33"]
[White "Szeliga, Sebastian"]
[Black "Stoop, Jan"]
[Result "1/2-1/2"]
[ECO "C44"]
[WhiteElo "1506"]
[BlackElo "1654"]
[Annotator "NA"]
[PlyCount "68"]
[EventDate "2019.08.17"]
[EventType "swiss"]
[EventCountry "POL"]
[SourceTitle "playchess.com"]
[Source "ChessBase"]
[SourceQuality "1"]
[TimeControl "40/5400+30:1800+30"]

1. e4 e5 2. Nf3 Nc6 3. d4 exd4 4. Nxd4 Nf6 5. Nxc6 bxc6 6. Bd3 d5 7. exd5 cxd5 8. O-O Be7 9. b3 O-O 10. Bb2 c5 11. Nd2 Bg4 12. Be2 Bf5 13. Re1 Rb8 14. Nf1 a5 15. Ne3 Be6 16. Rb1 Qd7 17. Qd2 Ne4 18. Qd3 f5 19. Bf3 Rfd8 20. Red1 Qc6 21. Qe2 a4 22. Ba1 axb3 23. axb3 Ra8 24. Rd3 c4 25. bxc4 dxc4 26. Rxd8+ Rxd8 27. Re1 c3 28. Nd1 Rd2 29. Qe3 Bc5 30. Bxe4 Qxe4 31. Qxe4 fxe4 32. Bxc3 Rxc2 33. Rxe4 Bb3 34. Re1 Rc1 1/2-1/2

[Event "55th Rubinstein Memorial-C 2019"]
[Site "Polanica-Zdroj"]
[Date "2019.08.21"]
[Round "5.1"]
[White "Sroka, Janusz"]
[Black "Obrochta, Lena"]
[Result "1/2-1/2"]
[ECO "B23"]
[WhiteElo "1875"]
[BlackElo "1870"]
[Annotator "NA"]
[PlyCount "61"]
[EventDate "2019.08.17"]
[EventType "swiss"]
[EventCountry "POL"]
[SourceTitle "playchess.com"]
[Source "ChessBase"]
[SourceQuality "1"]
[TimeControl "40/5400+30:1800+30"]

1. e4 c5 2. Nc3 a6 3. a4 e6 4. g3 Nc6 5. Bg2 Nf6 6. d3 Be7 7. Nge2 O-O 8. O-O Rb8 9. f4 d6 10. h3 Bd7 11. g4 {[%emt 0:00:35] B24: Closed Sicilian: 3 g3 sidelines} b5 12. axb5 axb5 13. Ng3 g6 $146 ({Predecessor:} 13... b4 14. Nce2 e5 15. Nf5 exf4 16. Nxf4 h6 17. Qe1 Bxf5 18. gxf5 Nd7 {1-0 (35) Leszner,L (2055)-Krzyzanowska Zadlo,L (1842) Szklarska Poreba 2017}) 14. f5 Ne8 15. Bh6 Ng7 16. fxe6 (16. Qc1 $14) 16... fxe6 17. Rxf8+ Qxf8 18. Qd2 Bh4 19. Nce2 e5 20. Rf1 Qe7 21. Kh2 b4 22. c3 Ne6 23. Ng1 Ra8 24. Nf3 Bf6 25. Qe3 Ra2 26. Rb1 Qd8 27. Ne2 Ra8 28. g5 Bg7 29. Bxg7 Kxg7 30. d4 cxd4 31. cxd4 $11 1/2-1/2

[Event "55th Rubinstein Memorial-C 2019"]
[Site "Polanica-Zdroj"]
[Date "2019.08.21"]
[Round "5.2"]
[White "Majek, Kacper"]
[Black "Kaliszuk, Kamil"]
[Result "1/2-1/2"]
[ECO "C54"]
[WhiteElo "1984"]
[BlackElo "1853"]
[Annotator "NA"]
[PlyCount "156"]
[EventDate "2019.08.17"]
[EventType "swiss"]
[EventCountry "POL"]
[SourceTitle "playchess.com"]
[Source "ChessBase"]
[SourceQuality "1"]
[TimeControl "40/5400+30:1800+30"]

1. e4 e5 2. Nf3 Nc6 3. Bc4 Bc5 4. c3 Nf6 5. d4 exd4 6. cxd4 Bb4+ 7. Nc3 d5 8. exd5 Nxd5 9. O-O Nxc3 10. bxc3 Be7 {[%emt 0:00:23] C54: Giuoco Piano: 4 c3 Nf6, main lines with 5 d4 and 5 d3} ({But not} 10... Bxc3 $2 11. Qb3 $18) 11. Re1 O-O 12. Bf4 Bg4 $146 ({Predecessor:} 12... Bf6 13. a4 Bg4 14. h3 Bxf3 15. Qxf3 Bg5 16. Bg3 Na5 17. Ba2 Nc6 18. Rab1 {1-0 (28) Martin Del Campo C,R (2407)-Fiori,N Dos Hermanas 2004}) 13. Rb1 Na5 14. Be2 c5 15. Qa4 Bd7 16. Qc2 b6 17. Bd3 g6 18. dxc5 Bxc5 19. Ne5 Nc6 20. Nxd7 Qxd7 21. Be4 Rac8 22. Rbd1 Qg4 23. Bh6 Ne5 24. Bxf8 Rxf8 25. Qe2 Re8 26. Qxg4 Nxg4 27. Rd2 Kf8 28. Rde2 Nxf2 29. Kf1 Ng4 30. g3 Ne3+ 31. Rxe3 Bxe3 32. Bc2 Bd2 33. Rxe8+ Kxe8 34. c4 Ke7 35. Ke2 Bb4 36. Kf3 Ke6 37. Bb3 Ke5 38. Ba4 Bc5 39. Bb5 f5 40. h3 g5 41. Be8 h6 42. Bd7 Bd6 43. Bc8 Bc7 44. Bd7 Bd6 ({Black should play} 44... Bd8 $17) 45. Bc8 Ba3 46. Bd7 Bc1 47. Bc8 Bd2 48. Bd7 Be1 49. Be8 Kd4 50. Bf7 Bd2 51. Be6 $17 f4 52. Bf7 Bc1 53. h4 Bd2 54. hxg5 hxg5 55. gxf4 Bxf4 56. Be6 Kc3 57. Ke4 Kb2 58. Kd5 Be3 59. a4 Ka3 60. Bd7 Kb4 61. Ke4 Bf2 62. Bb5 g4 63. Kf4 g3 64. Kf3 Ka5 65. Bc6 Kb4 66. Bb5 Kb3 67. Kg2 Kb4 68. Kf3 Kc5 69. Kg2 Kd6 70. Kf3 Kc7 71. Ba6 Kc6 72. Kg2 Kc5 73. Bb5 Kb4 74. Kf3 Ka5 75. Bc6 a6 76. Bb7 b5 77. cxb5 axb5 78. axb5 Kxb5 1/2-1/2

[Event "55th Rubinstein Memorial-C 2019"]
[Site "Polanica-Zdroj"]
[Date "2019.08.21"]
[Round "5.3"]
[White "Kardys, Zbigniew"]
[Black "Gajzner, Ryszard"]
[Result "1/2-1/2"]
[ECO "B73"]
[WhiteElo "1949"]
[BlackElo "1740"]
[Annotator "NA"]
[PlyCount "106"]
[EventDate "2019.08.17"]
[EventType "swiss"]
[EventCountry "POL"]
[SourceTitle "playchess.com"]
[Source "ChessBase"]
[SourceQuality "1"]
[TimeControl "40/5400+30:1800+30"]

1. e4 c5 2. Nf3 g6 3. Nc3 Bg7 4. d4 cxd4 5. Nxd4 Nc6 6. Be3 Nf6 7. Be2 d6 8. O-O O-O 9. h3 Bd7 10. Qd2 Nxd4 11. Bxd4 Bc6 12. Bf3 Qa5 {[%emt 0:11:33] B73: Sicilian Dragon: Classical System without 9 Nb3} 13. Rfd1 Rfe8 14. a3 $146 ({Predecessor:} 14. Bxf6 Bxf6 15. Nd5 Qxd2 16. Nxf6+ exf6 17. Rxd2 Bxe4 18. Bxe4 Rxe4 19. Rxd6 Re2 20. Rd7 {1-0 (57) Tofan,I (2219)-Gurevich,M (2649) Izmir 2002}) 14... Rac8 15. b4 Qc7 16. Rac1 b5 17. Qe3 Qb7 18. Nd5 Bxd5 19. exd5 Nd7 20. Bxg7 Kxg7 21. Bg4 Rc4 22. Bxd7 Qxd7 23. Rd4 Rec8 24. Rxc4 Rxc4 25. Re1 Rxc2 26. Qxe7 Qf5 27. Qxa7 Qxd5 28. Qe3 Rd2 29. Qc3+ Qd4 30. Qxd4+ Rxd4 31. Re8 Rd1+ 32. Kh2 Kf6 33. Ra8 Rd3 34. Ra5 Ke6 35. f3 Rd5 36. Kg3 h5 37. h4 Rf5 38. Kf2 Kd7 39. Ke3 Kc6 40. g4 $11 Re5+ 41. Kf4 f6 42. a4 bxa4 43. Rxa4 g5+ 44. Kg3 gxh4+ 45. Kxh4 hxg4 46. Kxg4 Kb5 47. Ra8 f5+ 48. Kg5 Kxb4 49. f4 Rb5 50. Rc8 Rc5 51. Rd8 Rd5 52. Rc8 Rc5 53. Rd8 Rd5 1/2-1/2

[Event "55th Rubinstein Memorial-C 2019"]
[Site "Polanica-Zdroj"]
[Date "2019.08.21"]
[Round "5.4"]
[White "Janzer, Hubert"]
[Black "Szydelko, Michal"]
[Result "1-0"]
[ECO "D00"]
[WhiteElo "1803"]
[BlackElo "1752"]
[Annotator "NA"]
[PlyCount "97"]
[EventDate "2019.08.17"]
[EventType "swiss"]
[EventCountry "POL"]
[SourceTitle "playchess.com"]
[Source "ChessBase"]
[SourceQuality "1"]
[TimeControl "40/5400+30:1800+30"]

1. d4 d5 2. Bf4 Nf6 3. e3 Bf5 4. c4 e6 5. Qb3 (5. Nf3 Bxb1 6. Rxb1 Bb4+ 7. Ke2 dxc4 8. Qa4+ Nc6 9. Ne5 a5 10. Nxc6 Qd7 11. Rc1 Nd5 12. Rxc4 Nb6 13. Qc2 Nxc4 14. Nxb4 Nxb2 {1-0 (41) Nakamura,H (2769)-Giri,A (2782) Leuven 2018}) 5... Qc8 6. Nc3 {[%emt 0:03:20] D00: 1 d4 d5: Unusual lines} c6 7. Rc1 dxc4 8. Bxc4 Nh5 $146 ({Predecessor:} 8... Nbd7 9. f3 Nb6 10. e4 Nxc4 11. Qxc4 Bg6 12. Nb5 Kd7 13. Nc7 Rb8 14. d5 exd5 15. exd5 cxd5 16. Qb5+ Kd8 17. Nxd5 Qe6+ 18. Ne2 Nxd5 19. Rd1 {1-0 (19) Colpe,M (2403)-Brinkmann,F (2108) Hamburg 2016}) 9. Bg3 Nxg3 10. hxg3 Nd7 11. Nf3 (11. e4 $5 Bg6 12. Nge2 $14) 11... Be7 12. O-O O-O 13. e4 Bg6 14. Rfd1 Nb6 15. Be2 Qb8 16. a4 Rd8 17. a5 Nd7 18. d5 Nc5 19. Qc4 Nxe4 20. dxc6 Rxd1+ 21. Bxd1 Nd6 22. Qa4 bxc6 23. Qxc6 Qc8 24. Ne5 Rb8 25. Na4 Be4 26. Qxc8+ Rxc8 27. Rxc8+ Nxc8 28. Bf3 Bxf3 29. gxf3 Bf6 30. Nc6 Kf8 31. b4 Ke8 $1 32. b5 Bd8 (32... Kd7 $1 $11) 33. Nc5 Ne7 34. Nxe7 Bxe7 ({Reject} 34... Kxe7 {[#]} 35. b6 $1 $16 {[%mdl 576] Promotion}) 35. Nd3 Kd8 36. Ne5 Kc8 37. Nxf7 Kb7 $2 (37... Bb4 $11 {and Black has nothing to worry.}) 38. Ne5 Bd6 ({Better is} 38... a6 $14) 39. Nc4 Bc7 $18 (39... Bb4 $16 40. a6+ Kb8) 40. f4 Kc8 41. Kg2 Kd7 42. Kf3 g6 43. Kg4 Bd8 44. Kf3 Bc7 45. Ne5+ Kd6 46. Ke4 Bb8 47. b6 axb6 48. axb6 h5 49. f3 {[%emt 0:00:37] Kd5+} 1-0

[Event "55th Rubinstein Memorial-C 2019"]
[Site "Polanica-Zdroj"]
[Date "2019.08.21"]
[Round "5.5"]
[White "Zalega, Maciej"]
[Black "Karnasiewicz, Robert"]
[Result "1-0"]
[ECO "B36"]
[WhiteElo "1429"]
[BlackElo "1803"]
[Annotator "NA"]
[PlyCount "69"]
[EventDate "2019.08.17"]
[EventType "swiss"]
[EventCountry "POL"]
[SourceTitle "playchess.com"]
[Source "ChessBase"]
[SourceQuality "1"]
[TimeControl "40/5400+30:1800+30"]

1. e4 c5 2. Nf3 Nc6 3. d4 cxd4 4. Nxd4 g6 5. c4 Nf6 6. Nc3 d6 7. Be2 Nxd4 8. Qxd4 Bg7 9. Be3 $14 O-O 10. Qd2 Be6 11. f3 Qa5 12. O-O Rfc8 13. Nd5 Qxd2 14. Bxd2 Bxd5 15. exd5 b5 16. Rac1 bxc4 17. Bxc4 Nd7 18. b3 Nb6 19. Rfe1 Nxc4 20. Rxc4 Rxc4 21. bxc4 Kf8 22. Rb1 Bd4+ 23. Kf1 Rc8 24. Rb4 Bc5 25. Rb3 Ke8 26. Ke2 Bg1 27. Kd3 Bxh2 28. Be3 Ra8 29. Rb7 a6 30. Bg5 f6 31. Bxf6 Be5 32. Bxe5 dxe5 33. c5 Rc8 34. c6 e6 35. Rxh7 1-0

[Event "55th Rubinstein Memorial-C 2019"]
[Site "Polanica-Zdroj"]
[Date "2019.08.21"]
[Round "5.6"]
[White "Kroliczek, Gabriela"]
[Black "Kurtycz, Maciej"]
[Result "1-0"]
[ECO "B23"]
[WhiteElo "1787"]
[BlackElo "1689"]
[Annotator "NA"]
[PlyCount "59"]
[EventDate "2019.08.17"]
[EventType "swiss"]
[EventCountry "POL"]
[SourceTitle "playchess.com"]
[Source "ChessBase"]
[SourceQuality "1"]
[TimeControl "40/5400+30:1800+30"]

1. e4 c5 2. Nc3 e6 3. d4 cxd4 4. Qxd4 Nc6 5. Qd2 Nf6 6. f3 Be7 7. b3 d6 8. Bb2 O-O 9. O-O-O a6 10. g4 e5 11. Kb1 Be6 12. Nge2 Qc7 13. Ng3 Nd4 14. Qg2 b5 15. Bd3 b4 16. Na4 Nb5 17. Qd2 d5 18. g5 Ne8 19. exd5 Bxd5 20. Bxb5 Bxf3 21. Bd3 Bxh1 22. Rxh1 Rd8 23. Qe2 Bxg5 24. Bxe5 Qc6 25. Rg1 f6 26. Bb2 Nd6 27. Qh5 g6 28. Bxg6 hxg6 29. Qxg6+ Kh8 30. Qxg5 1-0

[Event "55th Rubinstein Memorial-C 2019"]
[Site "Polanica-Zdroj"]
[Date "2019.08.21"]
[Round "5.7"]
[White "Rzenca, Jerzy"]
[Black "Burdzicki, Stanislaw"]
[Result "1/2-1/2"]
[ECO "B23"]
[WhiteElo "1419"]
[BlackElo "1785"]
[Annotator "NA"]
[PlyCount "63"]
[EventDate "2019.08.17"]
[EventType "swiss"]
[EventCountry "POL"]
[SourceTitle "playchess.com"]
[Source "ChessBase"]
[SourceQuality "1"]
[TimeControl "40/5400+30:1800+30"]

1. e4 c5 2. Nc3 Nc6 3. f4 g6 4. Nf3 Bg7 5. Bb5 Nd4 6. O-O Nxb5 7. Nxb5 d5 8. exd5 a6 9. Nc3 Nf6 10. d4 Nxd5 11. dxc5 Nxc3 12. Qxd8+ Kxd8 13. bxc3 Bxc3 14. Rb1 Kc7 15. Rb3 Bf6 16. Bd2 a5 17. Ra3 a4 18. Bc3 Be6 19. Ng5 Bd5 20. Re1 Bxc3 21. Rxc3 h6 22. Nxf7 Rhe8 23. Ne5 Bxa2 24. Ra3 Be6 25. Nxg6 Bf5 26. Rxe7+ Rxe7 27. Nxe7 Bxc2 28. Nd5+ Kd8 29. Ne3 Bb3 30. Nf5 Kc7 31. Nd4 Bc4 32. g4 1/2-1/2

[Event "55th Rubinstein Memorial-C 2019"]
[Site "Polanica-Zdroj"]
[Date "2019.08.21"]
[Round "5.8"]
[White "Rog, Bartlomiej"]
[Black "Rakita, Efim"]
[Result "1-0"]
[ECO "C60"]
[WhiteElo "1540"]
[BlackElo "1960"]
[Annotator "NA"]
[PlyCount "97"]
[EventDate "2019.08.17"]
[EventType "swiss"]
[EventCountry "POL"]
[SourceTitle "playchess.com"]
[Source "ChessBase"]
[SourceQuality "1"]
[TimeControl "40/5400+30:1800+30"]

1. e4 e5 2. Nf3 Nc6 3. Bb5 g6 4. d4 exd4 5. Nxd4 Bg7 6. Nxc6 bxc6 7. Bc4 {[%emt 0:00:13] C60: Ruy Lopez: Unusual Black 3rd moves and 3...g6} Ne7 8. O-O (8. Nc3 d6 9. O-O O-O 10. Be3 Be6 11. Bb3 c5 12. Qd2 Rb8 13. Rab1 Qd7 14. Bh6 Bxh6 15. Qxh6 Rb4 16. Bxe6 fxe6 17. b3 Nc6 18. Rbd1 {½-½ (34) Heinemann,T (2488)-Ernst,S (2587) Germany 2011}) 8... d5 9. exd5 cxd5 10. Bb3 O-O 11. c3 c6 $146 ({Predecessor:} 11... Qd6 12. Be3 Be6 13. Bd4 f6 14. Nd2 c5 15. Be3 Nf5 16. Re1 Rfe8 17. Nf3 Nxe3 18. Rxe3 Bf7 19. Rxe8+ Rxe8 20. Qd2 {½-½ (20) Sevenyuk,A (1899)-Kulago,A (2144) Rogaska Slatina 2009}) 12. Re1 Be6 13. Be3 Nf5 14. Bc5 Re8 15. Nd2 Qc7 16. Nf3 Nd6 17. Ng5 Bf5 18. Qf3 Ne4 19. Nxe4 Rxe4 20. Rxe4 Bxe4 21. Qe3 a5 22. Ba4 Rb8 23. Qe2 Be5 24. g3 h5 25. Re1 Bg7 26. Qd2 Qc8 27. Bd1 Qh3 28. f3 Bf5 29. Be2 Be6 30. b3 Qf5 31. Bd3 Qxf3 32. Rf1 Qg4 33. Be2 {[%emt 0:00:02] [#]} Qe4 ({Better is} 33... Bxc3 $1 $17 34. Qxc3 Qxe2) 34. Bd6 Re8 35. Bf3 Qf5 36. Bg2 d4 ({But not} 36... Qg4 37. h3 $18) 37. Rxf5 dxc3 38. Qe2 gxf5 39. Qxh5 c2 40. Qg5 Bd5 41. Bf4 Kf8 42. Bc1 Bd4+ 43. Kf1 Bxg2+ 44. Kxg2 Re2+ 45. Kf1 Rf2+ 46. Ke1 c5 47. Qd8+ Kg7 48. Qxd4+ cxd4 49. Kxf2 1-0

[Event "55th Rubinstein Memorial-C 2019"]
[Site "Polanica-Zdroj"]
[Date "2019.08.21"]
[Round "5.9"]
[White "Talik, Patryk"]
[Black "Jakubiak, Karol"]
[Result "1-0"]
[ECO "D60"]
[WhiteElo "1975"]
[BlackElo "1665"]
[Annotator "NA"]
[PlyCount "71"]
[EventDate "2019.08.17"]
[EventType "swiss"]
[EventCountry "POL"]
[SourceTitle "playchess.com"]
[Source "ChessBase"]
[SourceQuality "1"]
[TimeControl "40/5400+30:1800+30"]

1. d4 Nf6 2. c4 e6 3. Nc3 d5 4. Bg5 Be7 5. e3 Nbd7 6. Nf3 O-O 7. Bd3 b6 8. cxd5 exd5 9. O-O Bb7 10. Rc1 Ne4 11. Bf4 Ndf6 {[%emt 0:11:27] [#] D55: Queen's Gambit Declined: 4 Bg5 Be7: Lines without ...h6 and 6...h6 7 Bxf6} (11... c5 12. dxc5 Ndxc5 13. Be2 {½-½ (13) Gonzalez Perez,A (2567)-Munoz Pantoja,M (2559) Barcelona 2014}) 12. Bxc7 $1 Qxc7 13. Nxe4 Qd8 14. Nxf6+ Bxf6 15. Qa4 Qd6 16. Rc3 a6 17. Rfc1 b5 18. Qc2 h6 $146 ({Predecessor:} 18... g6 19. a4 {1-0 (41) Dzagnidze,N (2454)-Popova,N (2223) Turin 2006}) 19. Bh7+ Kh8 20. Bf5 g6 21. Rc7 gxf5 22. Rxb7 Qe6 23. g3 Kg7 24. Rc7 Rfd8 25. Ne1 Bg5 26. h4 Bf6 27. Nd3 Qe4 28. Nf4 Rd6 29. Rc6 Rad8 30. Rxd6 Rxd6 31. Qc7 Be7 32. Qa7 Bf8 (32... Bd8 $142 33. Qa8 Qe7) 33. Qb7 Be7 $18 34. Rc7 Kf8 35. Kh2 Ke8 36. Rc8+ {Kf8 Rc7 h5 Kg1 Qb1+ Kg2 Qe4+ Kh2} 1-0